AoeStats
← Pepim14

Black Forest

507811221Analyzed
4v4 RM · 12d ago on Sep 19, 2026· 30m 2s· 8 players
Game mode
Random Map
Map size
Large (8 player)
Population
200
Speed
Normal
Resources
Standard
Victory
Conquest
Starting age
Dark Age
Ending age
Imperial Age
RankedLock teamsTeams togetherTeam positionsShared explorationLock speedFull tech treeHidden civsTurbo modeCheats
Victory
Defeat
🇦🇷 Celts · Argentina
1217
+15
🇦🇷 Wu · Argentina
1102
+19
🇦🇷 Koreans · Argentina
1077
+21
🇦🇷 Mongols · Argentina
1048
+22
🇺🇸 Hindustanis · United States
1198
-20
🇹🇷 Mongols · Türkiye
1195
-20
🇳🇱 Teutons · Netherlands
1192
-20
🇨🇿 Goths · Czechia
1127
-17
Biedersauce
0:36 Loom
12:43 Feudal Age
17:56 Castle Age
17:12 Horse Collar
17:21 Double-Bit Axe
25:37 Fletching
25:47 Padded Archer Armor
taisho84
2:54 Loom
3:21 Loom
13:27 Feudal Age
27:49 Castle Age
26:29 Double-Bit Axe
26:25 Horse Collar
moregadženo
0:55 Loom
11:45 Feudal Age
11:56 Man-at-Arms
13:17 Double-Bit Axe
15:05 Forging
16:00 Horse Collar
19:25 Castle Age
17:54 Scale Mail Armor
18:45 Gold Mining
18:58 Stone Mining
20:39 Bow Saw
21:37 Stone Shaft Mining
23:43 Iron Casting
23:24 Chain Mail Armor
26:32 Heavy Plow
ikaradayi976
0:30 Loom
12:52 Feudal Age
20:08 Castle Age
21:17 Gold Mining
23:03 Double-Bit Axe
25:44 Horse Collar
28:00 Wheelbarrow
28:58 Gold Shaft Mining
franb89
0:56 Loom
11:36 Feudal Age
16:27 Double-Bit Axe
19:11 Fletching
22:53 Castle Age
21:59 Stone Mining
21:56 Double-Bit Axe
26:31 Wheelbarrow
26:37 Stone Shaft Mining
26:25 Eupseong
29:59 Bodkin Arrow
MorsaSdE
5:12 Loom
9:27 Feudal Age
9:31 Man-at-Arms
16:35 Double-Bit Axe
23:37 Castle Age
22:17 Horse Collar
23:47 Scale Mail Armor
23:57 Forging
24:30 Pikeman
28:13 Wheelbarrow
29:45 Bow Saw
Pepim14
0:26 Loom
14:40 Feudal Age
15:07 Man-at-Arms
16:50 Arson
17:24 Gold Mining
17:36 Double-Bit Axe
18:19 Scale Mail Armor
19:42 Forging
22:58 Town Watch
26:27 Castle Age
27:48 Wheelbarrow
27:48 Bow Saw
29:23 Long Swordsman
Rey William
9:33 Loom
11:34 Feudal Age
15:08 Double-Bit Axe
15:18 Horse Collar
17:39 Castle Age
16:31 Gold Mining
16:33 Stone Mining
17:54 Bloodlines
23:10 Wheelbarrow
28:53 Hand Cart
28:31 Town Watch
Connection lost

Rejoining the realm…

Still unreachable

The connection could not be restored.

Session expired

The server has moved on; the page needs a fresh start.